 Dungeon Crawl Stone Soup version 0.28.0-53-g5a82cb258f (webtiles) character file.

Game seed: 15418365499345429098

6993 Peloso the Carver (level 10, -2/91 HPs)
             Began as a Minotaur Fighter on June 5, 2022.
             Was an Initiate of Okawaru.
             Slain by Snorg (22 damage)
             ... on level 10 of the Dungeon.
             The game lasted 00:22:14 (12095 turns).

Peloso the Carver (Minotaur Fighter)               Turns: 12095, Time: 00:22:15

Health: -2/91      AC: 14    Str: 29    XL:     10   Next: 81%
Magic:  9/9        EV: 12    Int:  3    God:    Okawaru [......]
Gold:   327        SH:  5    Dex: 11    Spells: 9/9 levels left

rFire   . . .      SeeInvis .   a - +4 long sword
rCold   . . .      Faith    .   c - +0 buckler
rNeg    . . .      Spirit   .   k - +2 ring mail "Pihut" {Will+ rCorr}
rPois   .          Reflect  .   (helmet restricted)
rElec   .          Harm     .   t - +0 cloak of the Moneychanger {*Slow +Blink Str+5 Int-2}
rCorr   +          Rampage  .   (no gloves)
Will    +....                   (no boots)
Stlth   +.........              (no amulet)
HPRegen 0.25/turn               g - +4 ring of protection
MPRegen 0.11/turn               (no ring)

@: mighty
A: horns 2, retaliatory headbutt
a: Renounce Religion, Evoke Blink


You were on level 10 of the Dungeon.
You worshipped Okawaru.
Okawaru was noncommittal.
You visited 2 branches of the dungeon, and saw 11 of its levels.
You also visited: Sewer.

You collected 526 gold pieces.
You spent 199 gold pieces at shops.

Inventory:

Hand Weapons
 a - a +4 long sword (weapon)
 b - the +1 mace of Discord {flame, Str+2}
   (You found it on level 2 of the Dungeon)

   It burns those it strikes, dealing additional fire damage.
   Str:       It affects your strength (+2).
Armour
 c - a +0 buckler (worn)
 j - a +0 chain mail
 k - the +2 ring mail "Pihut" (worn) {Will+ rCorr}
   (You found it on level 3 of the Dungeon)

   rCorr:     It protects you from acid and corrosion.
   Will:      It increases your willpower.
 t - the +0 cloak of the Moneychanger (worn) {*Slow +Blink Str+5 Int-2}
   (You bought it in a shop on level 4 of the Dungeon)

   Str:       It affects your strength (+5).
   Int:       It affects your intelligence (-2).
   +Blink:    It lets you blink.
   *Slow:     It may slow you when you take damage.
Jewellery
 g - a +4 ring of protection (left hand)
 n - a ring of see invisible
 o - a ring of wizardry
 p - an amulet of magic regeneration
 y - a +6 ring of intelligence
Wands
 A - a wand of iceblast (3)
Scrolls
 r - 2 scrolls of teleportation
 s - a scroll of magic mapping
 u - 2 scrolls of enchant weapon
Potions
 f - 3 potions of brilliance
 h - 2 potions of ambrosia
 i - 3 potions of heal wounds
 l - 3 potions of curing
 m - 3 potions of invisibility
 q - 2 potions of attraction {unknown}
 v - 4 potions of haste {unknown}
 x - a potion of resistance {unknown}
 z - a potion of flight {unknown}


   Skills:
 + Level 9.2 Fighting
 + Level 12.9 Long Blades
 + Level 9.0 Armour
 + Level 5.7 Dodging
 + Level 2.2 Stealth
 + Level 7.3 Shields
 + Level 0.3 Evocations


You had 9 spell levels left.
You didn't know any spells.
Your spell library contained the following spells:

 Spells                   Type           Power      Damage    Failure   Level
 Apportation              Tloc           0%         N/A       71%         1
 Ensorcelled Hibernation  Hex/Ice        0%         N/A       85%         2
 Scorch                   Fire           0%         2d5       85%         2
 Gell's Gravitas          Tloc           0%         N/A       97%         3
 Lesser Beckoning         Tloc           0%         N/A       97%         3
 Portal Projectile        Hex/Tloc       0%         N/A       97%         3
 Spider Form              Tmut/Pois      0%         N/A       97%         3
 Teleport Other           Tloc           0%         N/A       97%         3
 Airstrike                Air            0%         N/A       100%        4
 Anguish                  Hex/Necr       0%         N/A       100%        4
 Flame Wave               Conj/Fire      0%         2d4       100%        4
 Alistair's Intoxication  Tmut/Pois      0%         N/A       100%        5
 Blade Hands              Tmut           0%         N/A       100%        5
 Excruciating Wounds      Necr           0%         N/A       100%        5
 Lightning Bolt           Conj/Air       0%         1d11      100%        5
 Summon Lightning Spire   Summ/Air       Unusable   N/A       N/A         4
 Summon Cactus Giant      Summ           Unusable   N/A       N/A         6

Dungeon Overview and Level Annotations

Branches:
Dungeon (10/15)            Temple (1/1) D:7           Sewer (visited)
   Lair: D:8-11         Orc: D:9-12

Altars:
Ashenzari
Cheibriados
Dithmenos
Fedhas
Gozag
Hepliaklqana
Kikubaaqudgha
Makhleb
Okawaru
Qazlal
Ru
Sif Muna
Trog
Uskayaw
Vehumet
Wu Jian
Xom
Yredelemnul

Shops:
D:4 [

Annotations:
D:7 Flight
D:10 Snorg


Innate Abilities, Weirdness & Mutations

You have a pair of horns on your head.
You reflexively headbutt those who attack you in melee.


Message History

Press: ? - help, Shift-Dir - straight line, f/p - Snorg
Aim: Snorg (lightly wounded, berserk)
The mass of ice explodes!
The iceblast engulfs Snorg!
Snorg is moderately wounded.
Snorg rages.
You feel very mighty all of a sudden. You block Snorg's attack.
Snorg claws you. Snorg barely misses you. Snorg bites you!
You block Snorg's attack. Snorg barely misses you.
Unknown command.
You barely miss Snorg.
Snorg is moderately wounded.
Snorg closely misses you. Snorg claws you! Snorg barely misses you.
You hit Snorg.
Snorg is moderately wounded.
Snorg barely misses you. You furiously retaliate!
You headbutt Snorg! Snorg misses you. x2
You slice Snorg!!
Snorg is heavily wounded.
Snorg bites you! Snorg barely misses you. Snorg claws you!
Snorg barely misses you. Snorg closely misses you. Snorg claws you!
You completely miss Snorg.
Snorg is heavily wounded.
You block Snorg's attack. Snorg misses you. You block Snorg's attack.
You barely miss Snorg. You headbutt Snorg.
Snorg is heavily wounded.
A howler monkey comes into view.
Snorg bites you! Snorg claws you!
* * * LOW HITPOINT WARNING * * *
You block Snorg's attack.
You barely miss Snorg.
Snorg is heavily wounded.
The howler monkey howls!
Snorg bites you.
* * * LOW HITPOINT WARNING * * *
Snorg misses you. Snorg completely misses you.
Unknown command.
You slash Snorg! Your headbutt misses Snorg.
Snorg is heavily wounded.
Snorg bites you!!
You die...

##.. ####...
#....h
#####....###
####..........#
#.............#.
#........T......
#.......@.....#
#......<......#
###############


You could see Snorg (berserk) and a howler monkey.

Vanquished Creatures
  A centaur warrior (D:9)
  Pikel (D:6)
  An unseen horror (D:6)
  A hornet (D:9)
  Sigmund (D:3)
  7 yaks
  A wyvern (D:8)
  Eustachio (D:5)
  A steam dragon (D:7)
  2 water moccasins
  2 orc warriors
  A sky beast (D:6)
  4 black bears
  2 necrophages
  An ogre (D:5)
  3 centaurs
  A phantom (D:6)
  7 kobold brigands
  Blork the orc (D:5)
  A gnoll sergeant (D:7)
  2 bullfrogs
  A scorpion (D:5)
  A wyvern skeleton (D:6)
  7 wights
  9 howler monkeys
  2 electric eels (D:7)
  A bullfrog zombie (D:5)
  2 centaur zombies
  3 jellies
  Crazy Yiuf (D:2)
  6 orc priests
  2 hounds
  A centaur skeleton (D:7)
  Jessica (D:3)
  An iguana (D:6)
  2 orc wizards
  5 gnolls (D:7)
  2 river rats
  9 adders
  6 worms
  3 dart slugs
  33 orcs
  13 endoplasms
  8 giant cockroaches
  9 goblins
  7 hobgoblins
  13 jackals
  20 kobolds
  4 quokkas
  13 ball pythons
  10 bats
  2 frilled lizards (D:2)
  A quokka skeleton (D:3)
  33 rats
273 creatures vanquished.

Vanquished Creatures (others)
  9 plants (D:7)
9 creatures vanquished.

Grand Total: 282 creatures vanquished

Notes
Turn   | Place    | Note
-------+----------+-------------------------------------------
     0 | D:1      | Peloso the Minotaur Fighter began the quest for the Orb.
     0 | D:1      | Reached XP level 1. HP: 19/19 MP: 0/0
   139 | D:1      | Reached XP level 2. HP: 27/27 MP: 1/1
   379 | D:1      | Reached XP level 3. HP: 31/33 MP: 2/2
   956 | D:1      | Reached skill level 3 in Long Blades
  1216 | D:2      | Identified the +2 ring mail "Eshun" {Int+6}
  1243 | D:2      | Reached XP level 4. HP: 40/40 MP: 3/3
  1493 | D:2      | Found a runed translucent door.
  1494 | D:2      | Noticed Crazy Yiuf
  1585 | D:2      | Reached skill level 1 in Dodging
  1775 | D:2      | Noticed a black bear
  1781 | D:2      | Killed a black bear
  1782 | D:2      | Reached skill level 4 in Long Blades
  1782 | D:2      | Reached skill level 5 in Armour
  1782 | D:2      | Reached XP level 5. HP: 47/47 MP: 4/4
  2414 | D:3      | Reached skill level 5 in Long Blades
  2414 | D:3      | Reached XP level 6. HP: 25/53 MP: 5/5
  2871 | D:3      | Found a faded altar of an unknown god.
  2873 | D:3      | Identified the +2 ring mail "Pihut" {Will+ rCorr}
  2965 | D:3      | Noticed Jessica
  2983 | D:3      | Killed Jessica
  3121 | D:3      | Noticed Sigmund
  3137 | D:3      | Killed Sigmund
  3526 | D:4      | Found a blossoming altar of Fedhas.
  3552 | D:4      | Reached skill level 6 in Long Blades
  3552 | D:4      | Reached XP level 7. HP: 59/60 MP: 6/6
  3829 | D:4      | Reached skill level 5 in Fighting
  3834 | D:4      | Found Qezider's Antique Armour Shop.
  4428 | D:5      | Entered Level 5 of the Dungeon
  4443 | D:5      | Reached skill level 7 in Long Blades
  4443 | D:5      | Reached skill level 5 in Shields
  4869 | D:5      | Noticed Eustachio
  4984 | D:5      | Reached XP level 8. HP: 69/69 MP: 7/7
  5012 | D:5      | Reached skill level 8 in Long Blades
  5020 | D:5      | Noticed Blork the orc
  5027 | D:5      | Killed Blork the orc
  5118 | D:5      | Killed Eustachio
  5119 | D:5      | Reached skill level 1 in Stealth
  5275 | D:5      | Reached skill level 9 in Long Blades
  5502 | D:2      | Killed Crazy Yiuf
  5507 | D:2      | Identified the +1 mace of Discord {flame, Str+2}
  5714 | D:6      | Found a glowing drain.
  5749 | Sewer    | Entered a sewer
  6084 | Sewer    | Reached XP level 9. HP: 78/78 MP: 8/8
  6329 | Sewer    | Reached skill level 10 in Long Blades
  6867 | D:6      | Killed an unseen horror
  7993 | D:4      | Bought an ichor-stained cloak for 199 gold pieces
  7993 | D:4      | Identified the +0 cloak of the Moneychanger {*Slow +Blink
                  | Str+5 Int-2} (You bought it in a shop on level 4 of the
                  | Dungeon)
  8102 | D:7      | Noticed Pikel
  8126 | D:6      | Killed Pikel
  8127 | D:6      | Reached skill level 11 in Long Blades
  8762 | D:8      | Reached XP level 10. HP: 80/88 MP: 9/9
  8775 | D:8      | Reached skill level 5 in Dodging
  9168 | D:8      | Reached skill level 12 in Long Blades
  9809 | D:9      | Noticed a centaur warrior
 10134 | D:9      | Killed a centaur warrior
 10143 | D:9      | Found an ancient bone altar of Kikubaaqudgha.
 10249 | D:9      | Found a shimmering blue altar of Sif Muna.
 10252 | D:9      | Found a shadowy altar of Dithmenos.
 10253 | D:9      | Found a shimmering altar of Xom.
 10463 | D:9      | Found a snail-covered altar of Cheibriados.
 11254 | D:7      | Found a staircase to the Ecumenical Temple.
 11261 | Temple   | Entered the Ecumenical Temple
 11667 | Temple   | Became a worshipper of Warmaster Okawaru
 12084 | D:10     | Entered Level 10 of the Dungeon
 12084 | D:10     | Noticed Snorg
 12095 | D:10     | Slain by Snorg

Illustrated notes

Levels and vault maps discovered:
D:1:      dpeg_arrival_line_fractal, layout_loops_corners
D:2:      layout_basic, minmay_box_of_dots, uniq_crazy_yiuf_cottage
D:3:      minmay_wonky_spiral, layout_loops_ring,
          hellmonk_ecumenical_altar_prayer_group, uniq_sigmund, uniq_jessica
D:4:      layout_basic, fedhas_altar_1, serial_shops, shop_fountains,
          palyth_stone_intersect, minmay_rat_hole
D:5:      wad_crossroads, layout_cave_pools, serial_column_ruins,
          column_ruins_hut, column_ruins_hut_ruined,
          column_ruins_columns_straight, column_ruins_open_tiny,
          column_ruins_grid_2, column_ruins_columns_straight,
          grunt_decor_fettered, uniq_blork_the_orc, uniq_eustachio
D:6:      layout_basic, portal_sewer_entry_b
D:7:      layout_gridville, temple_fountains, chequers_big_river, uniq_pikel
D:8:      layout_loops_ring, kennysheep_cross_bottleneck
D:9:      layout_loops_ring, cheibriados_altar_1, minitemple
D:10:     layout_rooms, good_gods_mini_temple, nemelex_diamond_rough_becter,
          erik_lair_dragon, hellmonk_ghost_happy_afterlife,
          minmay_stone_trees_medium, grunt_decor_junction, wad_mini_maze,
          uniq_snorg, uniq_maurice
Temple:   minmay_temple_forest_path

Skill      XL: |  1  2  3  4  5  6  7  8  9 10 |
---------------+-------------------------------+-----
Armour         | 4 5 6 7 8 9 |  9.0
Shields        | 4 5 6 7 |  7.3
Fighting       | 4 5 6 7 9 |  9.2
Long Blades    | 3 4 5 6 7 9 11 12 | 12.9
Dodging        | 1 2 3 4 5 |  5.7
Stealth        | 1 2 |  2.2
Evocations     | |  0.3

Action                   |  1- 3 |  4- 6 |  7- 9 | 10-12 || total
-------------------------+-------+-------+-------+-------++-------
Melee: Long sword        |   104 |   169 |   377 |   145 ||   795
       Headbutt          |    14 |    30 |    60 |    34 ||   138
Evoke: Wand              |       |       |       |    10 ||    10
  Use: Scroll            |     2 |       |     8 |     4 ||    14
       Potion            |     2 |       |       |     1 ||     3
 Stab: Sleeping          |       |       |     1 |       ||     1
Armor: Scale mail        |    51 |    31 |       |       ||    82
       Ring mail         |       |    18 |   148 |    38 ||   204
       Chain mail        |       |    13 |       |       ||    13
Dodge: Dodged            |    65 |    76 |   150 |    70 ||   361
Block: Buckler           |    35 |    25 |    81 |    36 ||   177
